 Dungeon Crawl Stone Soup version 0.21-a0-582-g1b93aee (webtiles) character file.

77 wvc the Skirmisher (level 4, 0/38 HPs)
             Began as a Barachi Wanderer on Dec 19, 2017.
             Was an Initiate of Ashenzari.
             Succumbed to a worker ant's poison
             ... on level 3 of the Dungeon.
             The game lasted 00:06:37 (1650 turns).

wvc the Skirmisher (Barachi Wanderer)               Turns: 1650, Time: 00:06:38

Health: 0/38       AC:  4    Str: 12    XL:     4   Next: 34%
Magic:  4/4        EV: 12    Int: 14    God:    Ashenzari [......]
Gold:   165        SH:  0    Dex: 12    Spells: 3/3 levels left

rFire    + . .     SeeInvis .   a - +2 shortbow
rCold    . . .     Gourm    .   (shield currently unavailable)
rNeg     . . .     Faith    .   e - +0 robe
rPois    .         Spirit   .   l - +2 hat (curse)
rElec    .         Reflect  .   (no cloak)
rCorr    .         Harm     .   (no gloves)
MR       .....                  (no boots)
Stlth    ++........             (no amulet)
HPRegen  0.12/turn              q - ring of protection from fire
MPRegen  0.09/turn              (no ring)

@: lethally poisoned (0 -> -3), slow
A: +LOS, swims, slowness 1, strong legs 1
a: Hop, Curse Item, Renounce Religion


You were on level 3 of the Dungeon.
You worshipped Ashenzari.
Ashenzari was noncommittal.
You were not hungry.

You visited 1 branch of the dungeon, and saw 3 of its levels.

You collected 165 gold pieces.

Inventory:

Hand Weapons
 a - a +2 shortbow (weapon)
 c - a +0 hand axe
Missiles
 b - 60 arrows (quivered)
 n - 17 poisoned needles
Armour
 e - a +0 robe (worn)
 l - a cursed +2 hat (worn)
Jewellery
 q - a ring of protection from fire (left hand)
Wands
 t - a wand of iceblast (9)
Scrolls
 g - 2 scrolls of remove curse
 i - 3 scrolls of identify
 m - a scroll of teleportation
Potions
 k - a potion of magic
 p - a potion of degeneration
Comestibles
 f - 6 rations


   Skills:
 - Level 4.8 Fighting
 * Level 3.9 Axes
 - Level 1.0 Bows
 - Level 2.4 Armour
 + Level 1.2 Dodging
 - Level 1.0 Stealth
   Level 1.1 Shields
 - Level 1.1 Evocations


You had 3 spell levels left.
You didn't know any spells.

Dungeon Overview and Level Annotations

Branches:
Dungeon (3/15)

Altars:
Ashenzari
Vehumet


Innate Abilities, Weirdness & Mutations

Shadows flee at your approach. (+LOS)
You can swim through water.
You cover ground slowly.
You can hop short distances.


Message History

You swing at nothing.
* * * LOW HITPOINT WARNING * * *
You feel sick.
Something hits the bush but does no damage. x2
You swing at nothing.
Something hits the bush but does no damage. x2
Something hits the bush!
You swing at nothing.
* * * LOW HITPOINT WARNING * * *
You feel sick.
Something hits the bush but does no damage.
Something hits the bush!
You swing at nothing.
Something hits the bush but does no damage. x2
All of the chunks of flesh in your inventory have rotted away.
You swing at nothing.
You feel less wooden.
Your cursed +2 hat unmelds from your body.
Your +0 robe unmelds from your body.
You die...

(#.#.....P.P...P##.......#
.....PPP.P.P.P.P.........#
.....P.P.P...P...........####
.....P.P.P.P.PPP.........§§§§
.....P.....P...P........§§§§§
....PPP.PPPPPPP........§§§§§
.. P.P...P.P.P..####..§####
P.P.P.P.P.P..# ##..#
P...P..@..P..# #..#


.P.PPPPPPP.P..# ##.# ...P.P.......P..# #.# ....PPPPPPP.PPP..# #.. .... ... .#
.... .... # ... ..... ...... ....... There were no monsters in sight!

Vanquished Creatures
  A worker ant (D:3)
  An adder (D:2)
  A gnoll (D:1)
  An ooze (D:2)
  A dart slug (D:1)
  2 bats
  3 giant cockroaches
  7 hobgoblins
  A quokka (D:2)
  2 ball pythons (D:1)
  4 frilled lizards
  3 goblins
  3 kobolds
  2 rats
32 creatures vanquished.

Notes
Turn   | Place    | Note
-------+----------+-------------------------------------------
     0 | D:1      | wvc the Barachi Wanderer began the quest for the Orb.
     0 | D:1      | wvc set off with: a +2 shortbow, 17 arrows, a +0 hand axe, a potion of lignification, a +0 robe, a ration
     0 | D:1      | Reached XP level 1. HP: 20/20 MP: 1/1
    52 | D:1      | Reached XP level 2. HP: 26/26 MP: 2/2
   684 | D:1      | Reached XP level 3. HP: 28/32 MP: 3/3
  1148 | D:2      | Found a shattered altar of Ashenzari.
  1158 | D:2      | Found a radiant altar of Vehumet.
  1202 | D:2      | Became a worshipper of Ashenzari the Shackled
  1308 | D:2      | Reached skill level 1 in Dodging
  1636 | D:3      | Reached XP level 4. HP: 12/38 MP: 4/4
  1646 | D:3      | HP: 2/57 [poisoned by a worker ant]
  1650 | D:3      | Succumbed to a worker ant's poison

Vault maps used:
D:1:      nzn_arrival_crosshair
D:2:      fiery_altar_vehumet, nicolae_ashenzari_panopticon
D:3:      minmay_hedge_maze

Skill      XL: |  1  2  3 |
---------------+----------+-----
Axes           | 2 3 |  3.9
Dodging        | 1 |  1.2
Fighting       | |  4.8
Bows           | |  1.0
Armour         | |  2.4
Stealth        | |  1.0
Shields        | |  1.1
Evocations     | |  1.1

Action                   |  1- 3 |  4- 6 || total
-------------------------+-------+-------++-------
Melee: Hand axe          |   108 |       ||   108
 Fire: Shortbow          |     4 |       ||     4
Invok: Curse Item        |     1 |       ||     1
  Use: Scroll            |     8 |       ||     8
       Potion            |     1 |       ||     1
 Stab: Sleeping          |     2 |       ||     2
  Eat: Chunk             |     3 |       ||     3
Armor: Robe              |    16 |       ||    16
       Skin              |     4 |       ||     4
Dodge: Dodged            |    63 |       ||    63

Table legend:
 A = Spawn XP
 B = Non-spawn XP
 C = Spawn XP percentage of total XP
 D = Spawn monster count
 E = Non-spawn monster count
 F = Spawn count percentage of total count
 G = Total turns spent on level
                    A         B        C        D         E        F      G
               +---------+---------+-------+---------+---------+-------+---------
         Total |       0 |     111 |   0.0 |       0 |      32 |   0.0 |  1650
               +---------+---------+-------+---------+---------+-------+---------
           D:1 |       0 |      42 |   0.0 |       0 |      19 |   0.0 |  1038
           D:2 |       0 |      35 |   0.0 |       0 |      12 |   0.0 |   517
           D:3 |       0 |      34 |   0.0 |       0 |       1 |   0.0 |    95
               +---------+---------+-------+---------+---------+-------+---------
